AoeStats
← blabla

Lombardia

507884335Analyzed
3v3 RM · 11d ago on Sep 20, 2026· 16m 36s· 6 players
Game mode
Random Map
Map size
Normal (6 player)
Population
200
Speed
Normal
Resources
Standard
Victory
Conquest
Starting age
Dark Age
Ending age
Imperial Age
RankedLock teamsTeams togetherTeam positionsShared explorationLock speedFull tech treeHidden civsTurbo modeCheats
Victory
Defeat
🇦🇷 Britons · Argentina
1452
+14
🇦🇷 Saracens · Argentina
1450
+14
🇦🇷 Huns · Argentina
1421
+15
🇺🇸 Khitans · United States
1535
-20
🇺🇸 Lithuanians · United States
1359
-12
🇺🇸 Portuguese · United States
1319
-11
Bandit
6:41 Loom
8:58 Feudal Age
10:07 Double-Bit Axe
d34dm4n
10:57 Feudal Age
16:01 Castle Age
JROCK
7:07 Loom
9:42 Feudal Age
10:09 Double-Bit Axe
13:33 Scale Barding Armor
15:36 Bloodlines
15:41 Forging
Rey Escorpion
5:36 Loom
8:54 Feudal Age
12:21 Fletching
12:32 Padded Archer Armor
Michael J. Saylor
6:03 Loom
8:59 Feudal Age
9:36 Double-Bit Axe
13:36 Scale Barding Armor
15:43 Forging
blabla
6:46 Loom
9:25 Feudal Age
Connection lost

Rejoining the realm…

Still unreachable

The connection could not be restored.

Session expired

The server has moved on; the page needs a fresh start.